 Dungeon Crawl Stone Soup version 0.27-a0-216-g1fbed8a51c (webtiles) character file.

Game seed: 12600190368092704803

9 knot the Chopper (level 2, 15/24 HPs)
             Began as a Demonspawn Berserker on Jan 31, 2021.
             Was a Follower of Trog.
             Quit the game on level 1 of the Dungeon.
             The game lasted 00:00:28 (177 turns).

knot the Chopper (Demonspawn Berserker)              Turns: 177, Time: 00:00:28

Health: 15/24      AC:  5    Str: 17    XL:     2   Next: 3%
Magic:  2/2        EV: 11    Int:  8    God:    Trog [*.....]
Gold:   36         SH:  4    Dex: 12    Spells: 1/1 levels left

rFire    . . .     SeeInvis .   a - +0 hand axe
rCold    . . .     Faith    .   (no shield)
rNeg     . . .     Spirit   .   c - +0 ring mail
rPois    .         Reflect  .   (no helmet)
rElec    .         Harm     .   (no cloak)
rCorr    .         Rampage  .   (no gloves)
Will     .....                  (no boots)
Stlth    +.........             (no amulet)
HPRegen  0.08/turn              (no ring)
MPRegen  0.08/turn              (no ring)

@: no status effects
A: condensation shield
a: Renounce Religion, Berserk


You were on level 1 of the Dungeon.
You worshipped Trog.
Trog was aware of your devotion.
You visited 1 branch of the dungeon, and saw 1 of its levels.

You collected 36 gold pieces.

Inventory:

Hand Weapons
 a - a +0 hand axe (weapon)
Missiles
 d - 26 stones
Armour
 c - a +0 ring mail (worn)
Jewellery
 b - an uncursed ring of ice
Scrolls
 e - a scroll of identify {unknown}


   Skills:
 - Level 3.0 Fighting
 + Level 3.2 Axes
 - Level 1.7 Armour
 - Level 1.7 Dodging


You had one spell level left.
You didn't know any spells.
Your spell library was empty.

Dungeon Overview and Level Annotations

Branches:
Dungeon (1/15)

Altars:


Innate Abilities, Weirdness & Mutations

A meltable shield of frost defends you. (SH +4)


Message History

The goblin closely misses you.
You closely miss the goblin. The goblin completely misses you.
You barely miss the goblin.
The goblin hits you but does no damage. x2
A goblin is nearby!
You barely miss the goblin. The goblin hits you.
You hit the goblin but do no damage. The goblin barely misses you.
You barely miss the goblin. The goblin hits you but does no damage.
You hit the goblin but do no damage. The goblin barely misses you.
You miss the goblin. The goblin hits you but does no damage.
You barely miss the goblin. The goblin hits you.
You hit the goblin.
The goblin is heavily wounded.
The goblin closely misses you.
You hit the goblin.
You kill the goblin!
Trog accepts your kill.
You have reached level 2!
Your demonic ancestry asserts itself...
Frost condenses into a shield before you.
Are you sure you want to abandon this character and quit the game? (Confirm with "yes".)

#....# .#
###....###
###.#
.........#
..#.#
.........#
#...#
.........#
#...#
###...####
#..# #...#
#####.#######
#...#
#.....†......
##.##
#.###@######
#.#######.#
#.#
#.........#
#.#
###########
#.# #=# #..
###


There were no monsters in sight!

Vanquished Creatures
  A leopard gecko (D:1)
  A goblin (D:1)
  2 hobgoblins (D:1)
  A kobold (D:1)
  A frilled lizard (D:1)
  A rat (D:1)
7 creatures vanquished.

Notes
Turn   | Place    | Note
-------+----------+-------------------------------------------
     0 | D:1      | knot the Demonspawn Berserker began the quest for the Orb.
     0 | D:1      | Reached XP level 1. HP: 18/18 MP: 1/1
   177 | D:1      | Gained mutation: A meltable shield of frost defends you.
                  | (SH +4) [demonic ancestry]
   177 | D:1      | Reached XP level 2. HP: 15/24 MP: 2/2
   177 | D:1      | Quit the game

Illustrated notes

Levels and vault maps discovered:
D:1:      minmay_arrival_five_plusses, layout_loops_ring, minmay_pentomino_t2

Skill      XL: |  1 |
---------------+----+-----
Axes           | 3 |  3.2
Fighting       | |  3.0
Armour         | |  1.7
Dodging        | |  1.7

Action                   || total
-------------------------++-------
Melee: Hand axe          ||    27
Armor: Ring mail         ||     9
Dodge: Dodged            ||    15

Table legend: (Time is in decaauts)
 A = Elapsed time spent in this place.
 B = Non-inter-level travel time spent in this place.
 C = Inter-level travel time spent in this place.
 D = Time resting spent in this place.
 E = Time spent auto-exploring this place.
 F = Levels seen in this place.
 G = Mean time per level.
                   A        B        C        D        E       F      G
               +--------+--------+--------+--------+--------+-----+--------+
         Total |    180 |    180 |      0 |      0 |    107 |   1 |  180.0 |
       Dungeon |    180 |    180 |      0 |      0 |    107 |   1 |  180.0 |
               +--------+--------+--------+--------+--------+-----+--------+

Top non-repeatable levels by time:
     D:1: 180 daAuts
